 Dungeon Crawl Stone Soup version 0.31-a0-963-ga325b2283a (webtiles) character file.

Game seed: 7976968929407088644

127364 Persephone the Tortoise (level 17, 0/115 HPs)
             Began as a Gargoyle Fighter on Oct 24, 2023.
             Was the Champion of Okawaru.
             Hit by a silver javelin thrown by a merfolk javelineer (2 damage)
             ... on level 1 of the Shoals on Oct 25, 2023.
             The game lasted 01:04:27 (23750 turns).

Persephone the Tortoise (Gargoyle Fighter)         Turns: 23750, Time: 01:04:28

Health: 0/115      AC: 35    Str: 28    XL:     17   Next: 1%
Magic:  17/17      EV:  9    Int:  7    God:    Okawaru [******]
Gold:   2711       SH: 26    Dex: 21    Spells: 16/16 levels left

rFire   + . .        F - +8 whip "Snakebite" {venom, curare, rPois}
rCold   + + +        b - +0 tower shield
rNeg    + . .        D - +0 ring mail of Loss {rC++ Dex+3}
rPois   ∞            L - +0 mask of the Dragon {Will+ Slay+3 SInv}
rElec   +            z - +1 cloak
rCorr   +            c - +1 pair of gloves
SInv    +            I - +2 pair of boots
Will    ++...        q - amulet of Siqofa {Reflect rC+ rCorr SH+5}
Stlth   +            y - +6 ring of dexterity
HPRegen 0.39/turn    A - ring of Ismoug {rF+ rCorr AC+4 Int-2 Dex+3}
MPRegen 0.15/turn

%: reflection
@: flying, studying Fighting
A: sickness immunity, AC +12, big wings, negative energy resistance 1,
electricity resistance, torment resistance 1, petrification resistance
a: Renounce Religion, Heroism, Finesse, Duel


You were on level 1 of the Shoals.
You worshipped Okawaru.
Okawaru was exalted by your worship.
You visited 6 branches of the dungeon, and saw 25 of its levels.
You also visited: Bailey and Gauntlet.

You collected 4057 gold pieces.
You spent 1346 gold pieces at shops.

Inventory:

Hand Weapons
 d - a +3 eveningstar of freezing
 F - the +8 whip "Snakebite" (weapon) {venom, curare, rPois}
   (You found it on level 1 of the Lair of Beasts)

   rPois:     It protects you from poison
Missiles
 B - 5 boomerangs
 J - 9 silver javelins
 O - 10 darts of dispersal
 P - 7 javelins (quivered)
 V - 3 atropa-tipped darts
Armour
 b - a +0 tower shield (worn)
 c - a +1 pair of gloves (worn)
 r - the +0 plate armour of the Snake Pit {*Corrode +Blink rN+++ Str-2}
   (You took it off a minotaur in a Gauntlet)

   Str-2:     It affects your strength (-2).
   rN+++:     It renders you almost immune to negative energy.
   +Blink:    It lets you blink.
   *Corrode:  It may corrode you when you take damage.
 z - a +1 cloak (worn)
 D - the +0 ring mail of Loss (worn) {rC++ Dex+3}
   (You found it on level 7 of the Dungeon)

   Dex+3:     It affects your dexterity (+3).
   rC++:      It greatly protects you from cold.
 I - a +2 pair of boots (worn)
 L - the +0 mask of the Dragon (worn) {Will+ Slay+3 SInv}
   (You found it on level 1 of the Lair of Beasts)

   Slay+3:    It affects your accuracy & damage with ranged weapons and melee
   (+3).
   Will+:     It increases your willpower.
   SInv:      It lets you see invisible.
Jewellery
 f - a +5 ring of evasion
 k - a ring of see invisible
 q - the amulet of Siqofa (around neck) {Reflect rC+ rCorr SH+5}
   (You acquired it on level 1 of the Snake Pit)

   [amulet of reflection]

   Reflect:   It reflects blocked missile attacks.
   rC+:       It protects you from cold.
   rCorr:     It protects you from acid and corrosion.
   SH+5:      It affects your SH (+5).
 v - an amulet of regeneration
 y - a +6 ring of dexterity (left hand)
 A - the ring of Ismoug (right hand) {rF+ rCorr AC+4 Int-2 Dex+3}
   (You found it in a Gauntlet)

   [ring of protection]

   AC+4:      It affects your AC (+4).
   Int-2:     It affects your intelligence (-2).
   Dex+3:     It affects your dexterity (+3).
   rF+:       It protects you from fire.
   rCorr:     It protects you from acid and corrosion.
 M - an amulet of the acrobat
 T - a +4 ring of slaying
 X - a ring of protection from cold
 Z - the ring "Nolo" {Drain rF+ MP+9 Int+8 SInv}
   (You found it in a Gauntlet)

   [ring of magical power]

   Int+8:     It affects your intelligence (+8).
   rF+:       It protects you from fire.
   MP+9:      It affects your magic capacity (+9).
   SInv:      It lets you see invisible.
   Drain:     It drains your maximum health when unequipped.
Wands
 s - a wand of light (7)
 u - a wand of digging (4)
 w - a wand of paralysis (25)
Scrolls
 e - 2 scrolls of identify
 g - 2 scrolls of silence
 i - 11 scrolls of teleportation
 x - 2 scrolls of immolation
 G - a scroll of fear
 H - 2 scrolls of blinking
 N - 2 scrolls of enchant weapon
 Q - a scroll of revelation
 U - 2 scrolls of amnesia
 W - a scroll of fog
Potions
 a - 2 potions of invisibility
 h - 6 potions of haste
 j - 2 potions of lignification
 l - 11 potions of curing
 m - 6 potions of attraction
 n - 5 potions of mutation
 o - 3 potions of enlightenment
 p - a potion of resistance
 t - 2 potions of cancellation
 C - 3 potions of heal wounds
 E - 4 potions of might
 K - a potion of berserk rage
 S - 2 potions of ambrosia
Miscellaneous
 Y - a lightning rod (4/4)


   Skills:
 + Level 15.9 Fighting
 - Level 16.0 Maces & Flails
 + Level 11.7 Throwing
 + Level 17.7 Armour
 + Level 15.7 Shields


You had 16 spell levels left.
You didn't know any spells.
Your spell library contained the following spells:

 Spells                   Type           Power      Damage    Failure   Level
 Necrotise                Necr           0%         1d4       77%         1
 Sting                    Tmut/Pois      0%         1d3       77%         1
 Blink                    Tloc           0%         N/A       88%         2
 Lesser Beckoning         Tloc           0%         N/A       88%         2
 Momentum Strike          Conj/Tloc      0%         3d8       88%         2
 Poisonous Vapours        Pois/Air       0%         N/A       88%         2
 Static Discharge         Conj/Air       0%         3-3/arc   88%         2
 Gell's Gravitas          Tloc           0%         N/A       98%         3
 Inner Flame              Hex/Fire       0%         N/A       98%         3
 Teleport Other           Tloc           0%         N/A       98%         3
 Vampiric Draining        Necr           0%         2d6       98%         3
 Airstrike                Air            0%         2d(0-16)  100%        4
 Flame Wave               Conj/Fire      0%         2d4       100%        4
 Olgreb's Toxic Radiance  Pois           0%         N/A       100%        4
 Sticky Flame             Conj/Fire      0%         2d3       100%        4
 Agony                    Necr           0%         N/A       100%        5
 Dispersal                Tloc           0%         N/A       100%        6
 Summon Lightning Spire   Summ/Air       Unusable   N/A       N/A         4

Dungeon Overview and Level Annotations

Branches:
Dungeon (15/15)            Temple (1/1) D:5            Lair (5/5) D:9
 Shoals (1/4) Lair:3        Snake (1/4) Lair:2        Slime (0/5) Lair:4
    Orc (2/2) D:10            Elf (0/3) Orc:2        Vaults (0/5) D:14
 Depths (0/4) D:15         Bailey (visited)         Gauntlet (visited)

Altars:
Ashenzari
Cheibriados
Dithmenos
Elyvilon
Fedhas
Gozag
Hepliaklqana
Kikubaaqudgha
Makhleb
Nemelex Xobeh
Okawaru
Qazlal
Ru
Sif Muna
Trog
Uskayaw
Vehumet
Wu Jian
Xom
Yredelemnul
Zin
The Shining One

Shops:
D:7 [   D:10 [   D:14 :   Orc:2 (??!*   Snake:1 [:


Innate Abilities, Weirdness & Mutations

You are immune to sickness and miasma.
Your stone body is resilient. (AC +12)
You are immune to poison.
Your large and strong wings let you fly.
You resist negative energy. (rN+)
You are resistant to electric shocks. (rElec)
You are resistant to unholy torment.
You are immune to petrification.


Message History

The silver javelin pierces through the merfolk!
You have reached level 17!
You block the merfolk's attack.
You hit the merfolk.
The merfolk is poisoned.
The merfolk is severely wounded.
You block the merfolk's attack.
You barely miss the merfolk.
The merfolk is severely wounded.
The merfolk javelineer throws a silver javelin.
The silver javelin pierces through you!
* * * LOW HITPOINT WARNING * * *
x2 The silver javelin pierces through the merfolk!
You closely miss the merfolk.
The merfolk is almost dead.
The merfolk hits you with a +0 trident.
* * * LOW HITPOINT WARNING * * *
The merfolk javelineer throws a silver javelin.
The silver javelin pierces through you but does no damage.
* * * LOW HITPOINT WARNING * * *
The silver javelin pierces through the merfolk.
The merfolk dies!
The merfolk javelineer throws a silver javelin.
The silver javelin pierces through you but does no damage.
* * * LOW HITPOINT WARNING * * *
Things that are here:
a +0 trident; a merfolk corpse The merfolk javelineer throws a silver javelin.
The silver javelin pierces through you!
* * * LOW HITPOINT WARNING * * *
x2 The merfolk javelineer throws a silver javelin.
The silver javelin pierces through you but does no damage.
* * * LOW HITPOINT WARNING * * *
The merfolk javelineer throws a silver javelin.
The silver javelin pierces through you.
* * * LOW HITPOINT WARNING * * *
x2 A merfolk impaler comes into view. It is wielding a +0 vampiric battleaxe.
The merfolk javelineer throws a silver javelin.
The silver javelin pierces through you!
* * * LOW HITPOINT WARNING * * *
You die...

~~....## ##...~~~~~~~....
~~.....####....~~~~~~~......
≈≈≈≈≈≈≈.#.#.....~~~~~.......
≈#####≈≈........~~~~~.......
# ##≈........)~~~~.......
#≈.........)~~~.......
#≈.........~~~:..≈≈≈≈≈
#≈.........~)~≈≈≈≈≈≈≈≈
#≈........@.~≈≈≈≈≈≈≈≈≈
#≈........m.~≈≈≈≈≈≈≈≈≈
##..........~≈≈≈≈≈≈≈≈≈
#..........≈m≈≈≈≈≈≈≈≈
..........≈≈≈≈≈≈≈≈~~~
.........≈≈≈≈≈≈≈:~#
.......m.≈≈≈≈≈≈~~##
.........≈≈≈≈≈≈~##m
.....≈≈≈≈≈≈/#mm


You could see 2 merfolk impalers and a merfolk javelineer.

Vanquished Creatures
  A kraken (Shoals:1)
  Nessos (D:12)
  Azrael (D:12)
  Snorg (Lair:3)
  A minotaur (Gauntlet)
  A merfolk impaler (Shoals:1)
  2 quicksilver dragon zombies (D:15)
  A fire dragon (Lair:5)
  6 hydras
  A catoblepas (Lair:5)
  An anaconda (Snake:1)
  8 centaur warriors
  5 boulder beetles
  9 death yaks (Lair:5)
  6 two-headed ogres
  A merfolk avatar (Shoals:1)
  3 tengu warriors (D:15)
  A vampire mage (D:15)
  A naga warrior (Snake:1)
  5 orc high priests (Orc:2)
  A shock serpent (Snake:1)
  A deep elf knight (D:14)
  A sphinx skeleton (D:15)
  Nergalle (Lair:3)
  8 skeletal warriors
  Sonja (D:12)
  3 skysharks
  A sea snake (Shoals:1)
  A swamp dragon (Lair:5)
  Pikel (D:7)
  2 lindwurms (Lair:5)
  4 deep elf pyromancers
  2 necromancers
  A wolf spider zombie (D:15)
  9 orc knights
  4 manticores
  10 ugly things
  7 cyclopes
  Maurice (D:10)
  2 salamanders (Snake:1)
  20 elephants
  12 black mambas
  7 centaur zombies (D:15)
  3 naga magi (Snake:1)
  3 torpor snails (Lair:5)
  6 orange demons (D:10)
  A kobold demonologist (D:14)
  6 komodo dragons
  10 cane toads
  3 unseen horrors
  7 rime drakes
  An efreet (Gauntlet)
  3 redback zombies (D:15)
  10 trolls
  A tengu conjurer (D:15)
  A queen bee (shapeshifter) (D:15)
  4 polar bears
  A hornet (D:9)
  A harpy zombie (D:15)
  3 merfolk (Shoals:1)
  Grinder (D:5)
  16 blink frogs
  2 red devils (D:10)
  A tarantella (shapeshifter) (D:14)
  3 snapping turtles
  9 dream sheep (Lair:5)
  12 slime creatures
  A spriggan (shapeshifter) (D:14)
  A water elemental (Lair:3)
  2 shadows
  3 wraiths
  A vampire (D:15)
  3 fire elementals
  51 yaks
  4 wyverns
  Grum (D:9)
  9 basilisks
  4 steam dragons (Lair:5)
  A small abomination (Gauntlet)
  3 vampire mosquitoes (D:12)
  A large abomination (Gauntlet)
  2 wargs
  5 nagas
  2 swamp worms (Gauntlet)
  An acid dragon (D:7)
  5 hell hounds
  20 water moccasins
  A swamp drake (Lair:5)
  5 ice beasts (D:9)
  43 orc warriors
  4 black bears
  A sky beast (D:7)
  22 wolves
  8 ogres
  13 centaurs
  3 phantoms (D:7)
  7 kobold brigands
  16 bullfrogs
  A gnoll sergeant (D:9)
  3 wights (D:10)
  7 killer bees
  An electric eel (Lair:3)
  A howler monkey (D:10)
  2 hounds
  10 jellies
  33 orc priests
  Crazy Yiuf (D:5)
  2 sleepcaps
  4 iguanas
  A boggart zombie (D:15)
  21 orc wizards
  4 yak simulacra (Lair:2)
  6 hell rats (Lair:3)
  A polar bear simulacrum (Lair:2)
  2 wolf simulacra (Lair:2)
  Robin (D:2)
  13 gnolls
  6 adders
  A shadow imp (D:7)
  2 white imps
  An ufetubus (D:7)
  2 worms (D:5)
  A dart slug (D:4)
  106 orcs
  2 bats
  9 endoplasms
  3 giant cockroaches
  6 hobgoblins
  2 jackals (D:4)
  3 quokkas
  5 ball pythons
  3 frilled lizards (D:2)
  8 goblins
  15 kobolds
  3 rats
  4 river rat simulacra (Lair:2)
  A spectral orc (D:4)
  3 tentacles (Shoals:1)
807 creatures vanquished.

Vanquished Creatures (others)
  A merfolk (Shoals:1)
  An orc wizard (D:10)
  8 tentacles (Shoals:1)
10 creatures vanquished.

Grand Total: 817 creatures vanquished

Notes
Turn   | Place    | Note
-------+----------+-------------------------------------------
     0 | D:1      | Persephone the Gargoyle Fighter began the quest for the
                  | Orb.
     0 | D:1      | Reached XP level 1. HP: 14/14 MP: 1/1
   174 | D:1      | Reached XP level 2. HP: 19/19 MP: 2/2
   642 | D:2      | Reached XP level 3. HP: 23/23 MP: 3/3
   810 | D:2      | Found a radiant altar of Vehumet.
  1074 | D:2      | Noticed Robin
  1114 | D:2      | Killed Robin
  1115 | D:2      | Reached XP level 4. HP: 22/28 MP: 4/4
  1801 | D:3      | Found a sparkling altar of Nemelex Xobeh.
  2262 | D:4      | Reached skill level 5 in Maces & Flails
  2262 | D:4      | Reached XP level 5. HP: 22/32 MP: 5/5
  2370 | D:4      | Found a shimmering altar of Xom.
  2371 | D:4      | Found a sacrificial altar of Ru.
  2374 | D:4      | Found a hide-covered altar of Uskayaw.
  2487 | D:4      | Found a blossoming altar of Fedhas.
  2860 | D:4      | Noticed an ogre
  2865 | D:4      | Killed an ogre
  2866 | D:4      | Reached XP level 6. HP: 37/37 MP: 6/6
  2939 | D:4      | Found a basalt altar of Yredelemnul.
  3006 | D:5      | Entered Level 5 of the Dungeon
  3038 | D:5      | Reached skill level 5 in Shields
  3103 | D:5      | Reached XP level 7. HP: 36/41 MP: 7/7
  3149 | D:5      | Found a staircase to the Ecumenical Temple.
  3210 | Temple   | Entered the Ecumenical Temple
  3422 | D:5      | Found a runed translucent door.
  3423 | D:5      | Noticed Crazy Yiuf
  3466 | D:5      | Noticed Grinder
  3468 | D:5      | Paralysed by Grinder for 2 turns
  3484 | D:5      | Killed Grinder
  3675 | D:5      | Found an iron altar of Okawaru.
  3704 | D:5      | Became a worshipper of Warmaster Okawaru
  3831 | D:5      | Reached XP level 8. HP: 46/46 MP: 8/8
  4036 | D:5      | Killed Crazy Yiuf
  4452 | D:6      | Reached * piety under Okawaru
  4513 | D:6      | Paralysed by a gnoll for 5 turns
  4861 | D:7      | Identified the "Odelef"
  4938 | D:7      | Reached XP level 9. HP: 51/51 MP: 9/9
  5076 | D:7      | Found Luteovel's Armour Shoppe.
  5157 | D:7      | Identified the +0 ring mail of Loss {rC++ Dex+3}
  5173 | D:7      | Found a shimmering blue altar of Sif Muna.
  5256 | D:7      | Reached skill level 10 in Maces & Flails
  5298 | D:7      | Reached ** piety under Okawaru
  5440 | D:7      | Noticed Pikel
  5457 | D:7      | Killed Pikel
  5486 | D:7      | Found an opulent altar of Gozag.
  5937 | D:8      | Found a sand-covered staircase.
  6001 | D:8      | Found a flagged portal.
  6011 | Bailey   | Entered a bailey
  6034 | Bailey   | Reached *** piety under Okawaru
  6162 | Bailey   | Reached XP level 10. HP: 56/56 MP: 10/10
  6422 | Bailey   | Acquired 772 gold pieces
  6424 | Bailey   | Acquired 543 gold pieces
  6428 | Bailey   | Noticed an orc knight
  6453 | Bailey   | Killed an orc knight
  6453 | Bailey   | Reached **** piety under Okawaru
  7126 | D:7      | Bought a +2 plate armour of fire resistance for 440 gold
                  | pieces
  7343 | D:9      | Found a staircase to the Lair.
  7395 | D:9      | Reached skill level 4 in Armour
  7416 | D:9      | Reached skill level 1 in Throwing
  7427 | D:9      | Reached skill level 5 in Armour
  7475 | D:9      | Reached ***** piety under Okawaru
  7515 | D:9      | Noticed a two-headed ogre
  7540 | D:9      | Killed a two-headed ogre
  7541 | D:9      | Reached XP level 11. HP: 62/62 MP: 8/11
  7665 | D:9      | Reached skill level 6 in Armour
  7680 | D:9      | Reached skill level 5 in Fighting
  7982 | D:9      | Noticed Grum
  8009 | D:9      | Reached skill level 7 in Armour
  8015 | D:9      | Killed Grum
  8015 | D:9      | Received a gift from Okawaru
  8129 | D:10     | Entered Level 10 of the Dungeon
  8529 | D:10     | Reached skill level 8 in Armour
  8643 | D:10     | Found a staircase to the Orcish Mines.
  8848 | D:10     | Received a gift from Okawaru
  9124 | D:10     | Noticed Maurice
  9130 | D:10     | Reached skill level 9 in Armour
  9184 | D:10     | Something stole 139 gold
  9189 | D:10     | Something stole 26 boomerangs
  9193 | D:10     | Something stole a +2 hammer of protection
  9194 | D:10     | Something stole an amulet of the acrobat
  9197 | D:10     | Something stole 632 gold
  9227 | D:10     | Maurice stole 178 gold
  9228 | D:10     | Killed Maurice
  9313 | D:10     | Found Motyniaz's Armour Shoppe.
  9421 | D:11     | Reached XP level 12. HP: 72/72 MP: 12/12
  9433 | D:11     | Reached skill level 5 in Throwing
  9436 | D:11     | Reached skill level 10 in Shields
  9501 | D:11     | Reached skill level 10 in Armour
  9541 | D:11     | Noticed a two-headed ogre
  9554 | D:11     | Killed a two-headed ogre
  9736 | D:11     | You fall into a shaft and drop 2 floors!
  9758 | D:13     | Noticed a centaur warrior
  9788 | D:13     | Killed a centaur warrior
  9999 | D:12     | Received a gift from Okawaru
 10002 | D:12     | Noticed a boulder beetle
 10007 | D:12     | Reached ****** piety under Okawaru
 10014 | D:12     | Reached skill level 11 in Armour
 10015 | D:12     | Noticed Nessos
 10322 | D:12     | Noticed a two-headed ogre
 10478 | D:11     | Noticed a centaur warrior
 10485 | D:11     | Killed a centaur warrior
 10529 | D:11     | Acquired a +3 eveningstar of freezing
 10529 | D:11     | Received a gift from Okawaru
 10534 | D:11     | Acquired a +2 hat of intelligence
 10534 | D:11     | Received a gift from Okawaru
 10872 | D:11     | Noticed a two-headed ogre
 10877 | D:11     | Killed a two-headed ogre
 11138 | Lair:1   | Entered Level 1 of the Lair of Beasts
 11411 | Lair:1   | Received a gift from Okawaru
 11423 | Lair:1   | Reached skill level 12 in Armour
 11457 | Lair:1   | Reached XP level 13. HP: 80/80 MP: 13/13
 11616 | Lair:1   | Found the +8 whip "Snakebite" {venom, curare, rPois}
 11793 | Lair:1   | Found the +0 mask of the Dragon {Will+ Slay+3 SInv}
 11925 | Lair:1   | Found a radiant altar of Vehumet.
 12565 | Lair:2   | Reached skill level 13 in Armour
 12609 | Lair:2   | Received a gift from Okawaru
 12874 | Lair:2   | Found a staircase to the Snake Pit.
 13163 | Lair:3   | Reached skill level 10 in Fighting
 13329 | Lair:3   | Noticed Nergalle
 13344 | Lair:3   | Killed Nergalle
 13630 | Lair:3   | Noticed Snorg
 13646 | Lair:3   | Killed Snorg
 13646 | Lair:3   | Received a gift from Okawaru
 13716 | Lair:3   | Found a staircase to the Shoals.
 13947 | Lair:4   | Found a staircase to the Slime Pits.
 13958 | Lair:4   | Reached skill level 14 in Armour
 14104 | Lair:4   | Gained mutation: Your large and strong wings let you fly.
                  | [Gargoyle growth]
 14104 | Lair:4   | Reached XP level 14. HP: 88/88 MP: 14/14
 14429 | Lair:4   | Found a frozen archway.
 14664 | Lair:5   | Entered Level 5 of the Lair of Beasts
 14682 | Lair:5   | Reached skill level 15 in Maces & Flails
 14773 | Lair:5   | Received a gift from Okawaru
 15090 | Lair:5   | Reached skill level 15 in Armour
 15179 | Lair:5   | Received a gift from Okawaru
 15326 | Lair:5   | Received a gift from Okawaru
 15459 | Lair:5   | Reached XP level 15. HP: 36/95 MP: 15/15
 15467 | Lair:5   | Received a gift from Okawaru
 16287 | Orc:1    | Entered Level 1 of the Orcish Mines
 16293 | Orc:1    | Reached skill level 16 in Armour
 16418 | Orc:1    | Received a gift from Okawaru
 16603 | Orc:2    | Entered Level 2 of the Orcish Mines
 16810 | Orc:2    | Found a staircase to the Elven Halls.
 17166 | Orc:2    | Found Qeujip's Weapon Emporium.
 17566 | Orc:2    | Reached skill level 10 in Throwing
 17615 | Orc:2    | Received a gift from Okawaru
 17686 | Orc:2    | Found Teiff's Magic Scroll Shoppe.
 17687 | Orc:2    | Found Muol's Distillery.
 17687 | Orc:2    | Found Xihurouq's Magic Scroll Emporium.
 17688 | Orc:2    | Found Plog's General Store.
 17697 | Orc:2    | Bought a scroll of acquirement for 780 gold pieces
 17702 | Orc:2    | Acquired a manual of Fighting
 17833 | D:12     | Noticed Sonja
 17843 | D:12     | Killed Sonja
 18005 | D:12     | Killed Nessos
 18277 | D:12     | Noticed Azrael
 18293 | D:12     | Killed Azrael
 18505 | D:12     | Received a gift from Okawaru
 18639 | D:12     | Identified the +1 ring mail of Kaleirph {Regen+}
 19539 | D:14     | Found a gate leading to a gauntlet.
 19549 | Gauntlet | Entered a Gauntlet
 19549 | Gauntlet | Found a transporter.
 19561 | Gauntlet | Found a transporter.
 19572 | Gauntlet | Found a transporter.
 19575 | Gauntlet | Found a transporter.
 19583 | Gauntlet | Found a transporter.
 19605 | Gauntlet | Found a transporter.
 19616 | Gauntlet | Found a transporter.
 19626 | Gauntlet | Found a transporter.
 19648 | Gauntlet | Found a transporter.
 19661 | Gauntlet | Found a transporter.
 19663 | Gauntlet | Found a transporter.
 19709 | Gauntlet | Found a transporter.
 19726 | Gauntlet | Found a transporter.
 19827 | Gauntlet | Found a transporter.
 19830 | Gauntlet | Identified the ring "Nolo" {Drain rF+ MP+9 Int+8 SInv}
 19959 | Gauntlet | Identified the ring of Ismoug {rF+ rCorr AC+4 Int-2 Dex+3}
 19983 | Gauntlet | Identified the +0 plate armour of the Snake Pit {*Corrode
                  | +Blink rN+++ Str-2}
 19998 | Gauntlet | Reached XP level 16. HP: 77/104 MP: 14/16
 20162 | D:14     | Found Hadof's Book Emporium.
 20264 | D:14     | Received a gift from Okawaru
 20868 | D:14     | Reached skill level 17 in Armour
 21098 | D:14     | Reached skill level 15 in Shields
 21145 | D:14     | Found a gate to the Vaults.
 21337 | D:15     | Entered Level 15 of the Dungeon
 21478 | D:15     | Found a staircase to the Depths.
 21491 | D:15     | Received a gift from Okawaru
 21851 | D:15     | Reached skill level 15 in Fighting
 22739 | Snake:1  | Entered Level 1 of the Snake Pit
 22787 | Snake:1  | Received a gift from Okawaru
 22866 | Snake:1  | Found Uduallasu's Book Shoppe.
 22870 | Snake:1  | Found Hacroics's Armour Shoppe.
 23106 | Snake:1  | Acquired the amulet of Siqofa {Reflect rC+ rCorr SH+5}
 23248 | D:7      | Bought a +1 pair of gloves for 126 gold pieces
 23375 | Shoals:1 | Entered Level 1 of the Shoals
 23594 | Shoals:1 | Noticed a kraken
 23630 | Shoals:1 | Killed a kraken
 23742 | Shoals:1 | Reached XP level 17. HP: 45/115 MP: 17/17
 23750 | Shoals:1 | HP: 2/115 [merfolk javelineer/silver javelin (12)]
 23750 | Shoals:1 | Hit by a silver javelin thrown by a merfolk javelineer

Illustrated notes

Levels and vault maps discovered:
D:1:      tarquinn_simple_flora_water_c, layout_basic
D:2:      layout_basic, basic_altar, uniq_robin
D:3:      layout_loops_corners, nemelex_dance_club_becter, corexii_shack,
          minmay_misc_feat_doors, minivault_14
D:4:      layout_loops_ring, yredelemnul_forgotten_temple_becter,
          mainiacjoe_overflow_alcove_3
D:5:      layout_loops_ring, okawaru_gym_becter, minmay_temple_entry_mini_moons,
          serial_bayou_lagoon_b, uniq_crazy_yiuf_cottage, uniq_grinder
D:6:      layout_cave_pods
D:7:      layout_basic, grunt_gozag_statues,
          mainiacjoe_overflow_small_starburst, serial_shops, shop,
          minmay_fractal_squares_diagonal_5, uniq_pikel
D:8:      layout_basic, enter_bailey_2, nicolae_ossuary_entry_false_entrances,
          minmay_unpleasant_kobolds
D:9:      layout_roguey, hellmonk_lair_entry_icy, uniq_grum
D:10:     layout_stronghold, hiddenorc2_lemuel, serial_shops, shop,
          minmay_misc_feat_encased, minmay_beelzebubs_servants, uniq_maurice
D:11:     layout_loops_ring, nicolae_zen_rock_garden
D:12:     layout_loops_ring, evilmike_butchery, uniq_sonja, uniq_nessos,
          uniq_azrael
D:13:     layout_loops_corners
D:14:     layout_stronghold, hangedman_vaults_entry_quadrant_bands,
          gauntlet_entry_generic, serial_shops, shop_statue, nrook_mini_vaults
D:15:     gammafunk_depths_entry_grave, layout_stronghold,
          nicolae_figureground_pulse, serial_undead, serial_undead_c,
          serial_undead_b, serial_undead_f, serial_undead_c, serial_undead_a,
          serial_undead_c
Temple:   nicolae_temple_ecumenical_triangle
Lair:1:   minmay_guarded_unrand_snakebite, layout_gridlike, enter_volcano_4,
          basic_altar
Lair:2:   layout_small_grid, guppyfry_snake_entry_island, eino_house_with_fridge
Lair:3:   layout_chaotic_city, minmay_shoals_entry_hut, uniq_snorg,
          uniq_nergalle
Lair:4:   layout_cellular_growth, nicolae_slime_entry_slimehenge,
          portal_ice_cave_entry_pillars_1
Lair:5:   guppyfry_lair_end_dragon, layout_regular_city,
          hangedman_lair_in_review, chequers_serial_rivers_large_a
Shoals:1: nicolae_shoals_lighthouse, layout_shoals,
          nicolae_shoals_enchanted_isle
Snake:1:  layout_misc_corridors, drop_trap, minmay_shop_star
Orc:1:    layout_caves, serial_shops, shop
Orc:2:    st_orc_pillars, layout_caves, serial_shops, shop_fountains

Skill      XL: |  1  2  3  4  5  6  7  8  9 10 11 12 13 14 15 16 |
---------------+-------------------------------------------------+-----
Maces & Flails | 3 4 5 6 7 9 12 14 15 16 | 16.0
Shields        | 4 5 6 7 8 9 11 12 13 14 15 | 15.7
Armour         | 5 9 12 14 15 16 17 | 17.7
Throwing       | 2 4 6 8 9 10 11 | 11.7
Fighting       | 4 7 8 10 11 13 15 | 15.9

Action                     |  1- 3 |  4- 6 |  7- 9 | 10-12 | 13-15 | 16-18 || total
---------------------------+-------+-------+-------+-------+-------+-------++-------
  Melee: Flail             |   132 |   117 |    47 |       |       |       ||   296
         Mace              |       |       |   224 |       |       |       ||   224
         Whip              |       |       |   107 |   812 |   949 |   597 ||  2465
         Eveningstar       |       |       |       |    62 |    28 |       ||    90
  Throw: Boomerang         |       |       |    36 |   142 |   610 |    53 ||   841
         Javelin           |       |       |       |    48 |    14 |   102 ||   164
 Invoke: Heroism           |       |       |       |     3 |     2 |     1 ||     6
         Receive Weapon    |       |       |       |     1 |       |       ||     1
         Receive Armour    |       |       |       |     1 |       |       ||     1
  Evoke: Wand              |       |       |     7 |    10 |     9 |       ||    26
    Use: Scroll            |     1 |     8 |     2 |    14 |    11 |     5 ||    41
         Potion            |       |     1 |     2 |     4 |     4 |       ||    11
   Stab: Invisible         |       |       |       |     1 |       |       ||     1
 Armour: Scale mail        |    82 |     8 |       |       |       |       ||    90
         Plate armour      |       |    52 |   121 |       |       |       ||   173
         Ring mail         |       |       |    66 |   415 |   370 |   366 ||  1217
  Dodge: Dodged            |    85 |    51 |   120 |   319 |   137 |   116 ||   828
  Block: Buckler           |    27 |    18 |       |       |       |       ||    45
         Tower shield      |       |    30 |   277 |   626 |   552 |   639 ||  2124
         Reflection        |       |       |       |       |       |     2 ||     2

Table legend: (Time is in decaauts)
 A = Elapsed time spent in this place.
 B = Non-inter-level travel time spent in this place.
 C = Inter-level travel time spent in this place.
 D = Time resting spent in this place.
 E = Time spent auto-exploring this place.
 F = Levels seen in this place.
 G = Mean time per level.
                   A        B        C        D        E       F      G
               +--------+--------+--------+--------+--------+-----+--------+
         Total |  23092 |  21280 |   1812 |      0 |  15728 |  27 |  855.3 |
       Dungeon |  14869 |  13582 |   1287 |      0 |  10340 |  15 |  991.3 |
        Temple |     87 |     69 |     18 |      0 |     68 |   1 |   87.0 |
          Lair |   5090 |   4698 |    392 |      0 |   3527 |   5 | 1018.0 |
        Shoals |    341 |    341 |      0 |      0 |    230 |   1 |  341.0 |
     Snake Pit |    380 |    364 |     16 |      0 |    248 |   1 |  380.0 |
  Orcish Mines |   1422 |   1325 |     97 |      0 |    865 |   2 |  711.0 |
        Bailey |    442 |    442 |      0 |      0 |    179 |   1 |  442.0 |
      Gauntlet |    459 |    459 |      0 |      0 |    270 |   1 |  459.0 |
               +--------+--------+--------+--------+--------+-----+--------+

Top non-repeatable levels by time:
  Lair:5: 1425 daAuts
    D:10: 1292 daAuts
    D:14: 1250 daAuts
    D:12: 1212 daAuts
    D:15: 1169 daAuts
    D:11: 1132 daAuts
  Lair:1: 1129 daAuts
   Orc:2: 1099 daAuts
     D:5: 1065 daAuts
     D:9: 1046 daAuts
    D:13: 1000 daAuts
     D:7: 997 daAuts
     D:3: 936 daAuts
  Lair:2: 905 daAuts
     D:8: 889 daAuts
